 Dungeon Crawl Stone Soup version 0.20-a0-217-g17e8ceb (webtiles) character file.

62 esc the Chiller (level 4, 0/37 HPs)
             Began as a Ghoul Wanderer on Nov 28, 2016.
             Slain by a gnoll
             ... wielding a +0 spear
              (5 damage)
             ... on level 2 of the Dungeon.
             The game lasted 00:02:33 (1057 turns).

esc the Chiller (Ghoul Wanderer)                    Turns: 1057, Time: 00:02:35

Health: 0/37       AC:  5    Str: 16    XL:     4   Next: 8%
Magic:  4/4        EV: 11    Int:  7    God:
Gold:   127        SH:  0    Dex:  8    Spells: 5/5 levels left

rFire  . . .     SeeInvis .       - Unarmed
rCold  + . .     Gourm    .     d - +0 robe
rNeg   + + +     Faith    .     (no shield)
rPois  ∞         Spirit   .     u - +2 helmet
rElec  .         Reflect  .     (no cloak)
rCorr  .         Harm     .     (no gloves)
MR     .....                    (no boots)
Stlth  +.........               (no amulet)
                                (no ring)
                                (no ring)

@: rotting
A: rotting body, claws 1, carnivore 3, cold resistance 1, negative energy
resistance 3, slow regeneration 1, torment resistance, unbreathing
a: no special abilities


You were on level 2 of the Dungeon.
You were not hungry.

You visited 1 branch of the dungeon, and saw 2 of its levels.

You collected 127 gold pieces.

Inventory:

Hand Weapons
 e - a +0 club
 h - a +0 dagger
   (You found it on level 1 of the Dungeon)
 i - a +0 club
   (You took it off a hobgoblin on level 1 of the Dungeon)
 j - a +0 hunting sling
   (You found it on level 1 of the Dungeon)
 k - a +0 short sword
   (You took it off a kobold on level 1 of the Dungeon)
 l - a +0 trident
   (You took it off Terence on level 2 of the Dungeon)
 m - a +0 club
   (You took it off a hobgoblin on level 1 of the Dungeon)
 p - a +0 club
   (You took it off a kobold on level 1 of the Dungeon)
 t - a +0 mace
   (You found it on level 1 of the Dungeon)
 x - a +0 dagger
   (You took it off a goblin on level 2 of the Dungeon)
 C - a +0 spear
   (You found it on level 2 of the Dungeon)
Missiles
 r - 30 poisoned needles
 B - 2 javelins (quivered)
Armour
 d - a +0 robe (worn)
 u - a +2 helmet (worn)
   (You found it on level 2 of the Dungeon)
Jewellery
 w - an uncursed ring of fire {rF+, rC-}
   (You found it on level 2 of the Dungeon)
Wands
 c - a wand of random effects (15/48)
 s - a wand of random effects (11/48)
   (You took it off Terence on level 2 of the Dungeon)
Scrolls
 o - 2 scrolls of recharging {unknown}
 q - a scroll of magic mapping {unknown}
 y - a scroll of remove curse {unknown}
Potions
 g - a potion of mutation {unknown}
 n - a potion of brilliance {unknown}
 v - a potion of invisibility {unknown}
 z - 2 potions of flight {unknown}
Books
 a - a book of Frost
 b - the Grimoire of Unholy Magic

   Spells                             Type                      Level
   a - Animate Skeleton               Necromancy                   1
   b - Vampiric Draining              Necromancy                   3
Comestibles
 f - a meat ration {@e2}
 A - a chunk of flesh {@w0}


   Skills:
 + Level 2.4 Fighting
 + Level 2.4 Armour
 + Level 1.0 Dodging
 + Level 1.9 Unarmed Combat
 - Level 1.0 Spellcasting
   Level 1.0 Summonings
   Level 3.2 Ice Magic
 - Level 1.7 Evocations


You had 5 spell levels left.
You didn't know any spells.

Dungeon Overview and Level Annotations

Branches:
Dungeon (2/15)

Altars:


Innate Abilities, Weirdness & Mutations

Your body is rotting away.
You thrive on raw meat.
You are immune to poison.
You have sharp fingernails.
You are carnivorous and can eat meat at any time.
Your flesh is cold resistant. (rC+)
You are immune to negative energy. (rN+++)
You regenerate slowly when monsters are visible.
You are immune to unholy pain and torment.
You can survive without breathing.


Message History

Eat one of 3 chunks of flesh {@w0}? (ye/n/q)
You start eating one of the 3 chunks of flesh {@w0}.
Terence barely misses you.
This raw flesh tastes great!
You regained 6 hp, and now have 12/29 hp.
Eat one of 2 chunks of flesh {@w0}? (ye/n/q)
You start eating one of the 2 chunks of flesh {@w0}.
Terence hits you but does no damage.
This raw flesh tastes great!
You regained 5 hp, and now have 17/29 hp.
Eat a chunk of flesh {@w0}? (ye/n/q)
You start eating the chunk of flesh {@w0}.
Terence hits you with a trident.
This raw flesh tastes great!
You take 1 damage, and have 16/29 hp.
Okay, then.
Unknown command.
You scratch Terence but do no damage. Terence closely misses you.
You closely miss Terence. Terence closely misses you.
You scratch Terence but do no damage. You scratch Terence.
Terence closely misses you.
You scratch Terence. Terence hits you with a trident.
You take 3 damage, and have 13/29 hp.
You barely miss Terence. Terence closely misses you.
You scratch Terence but do no damage. Terence misses you.
You scratch Terence but do no damage. Terence hits you with a trident.
* * * LOW HITPOINT WARNING * * *
You take 6 damage, and have 7/29 hp.
MASSIVE DAMAGE!!
You are too injured to fight recklessly!
You feel better. Terence hits you with a trident.
You regained 3 hp, and now have 10/29 hp.
You closely miss Terence. Terence closely misses you.
You closely miss Terence. Terence hits you with a trident.
* * * LOW HITPOINT WARNING * * *
You take 6 damage, and have 4/29 hp.
MASSIVE DAMAGE!!
It was a potion of heal wounds.
You feel much better.
Health restored: 29 You scratch Terence but do no damage.
Terence barely misses you.
You scratch Terence. Terence barely misses you.
You scratch Terence. Terence hits you with a trident.
You take 4 damage, and have 25/29 hp.
You scratch Terence but do no damage. Terence hits you with a trident.
You take 1 damage, and have 24/29 hp.
You scratch Terence.
You kill Terence!
l - a trident;
s - a wand of random effects (?/48)
Things that are here:
a chain mail; the human corpse of Terence You butcher the human corpse of Terence.
A - a chunk of flesh {@w0} You see here a chain mail.
B - a javelin
B - 2 javelins (gained 1)
You now have 116 gold pieces (gained 15).
You see here a chain mail.
You now have 127 gold pieces (gained 11).
C - a spear A gnoll comes into view.
The gnoll shouts!
Health restored: 30 A gnoll comes into view.
It is wielding a spear.
The gnoll shouts!
You scratch the gnoll. The gnoll closely misses you.
You closely miss the gnoll. The gnoll closely misses you.
You scratch the gnoll. The gnoll misses you.
You scratch the gnoll but do no damage. The gnoll hits you.
You take 4 damage, and have 26/30 hp.
You closely miss the gnoll. The gnoll hits you but does no damage.
The gnoll hits you.
You take 1 damage, and have 25/30 hp.
You scratch the gnoll.
You kill the gnoll!
Your Dodging skill increases to level 1!
You have reached level 4!
The gnoll barely misses you.
You regained 6 hp, and now have 31/37 hp.
MP restored: 4 The gnoll closely misses you.
You see here a gnoll corpse.
You barely miss the gnoll. The gnoll hits you with a spear.
You take 2 damage, and have 29/37 hp.
You scratch the gnoll. The gnoll barely misses you.
You barely miss the gnoll. The gnoll hits you with a spear!
You take 9 damage, and have 20/37 hp.
MASSIVE DAMAGE!!
You scratch the gnoll but do no damage. The gnoll hits you with a spear.
You take 5 damage, and have 15/37 hp.
You barely miss the gnoll. The gnoll closely misses you.
You scratch the gnoll. The gnoll hits you with a spear.
A gnoll comes into view. It is wielding a spear.
You take 3 damage, and have 12/37 hp.
The gnoll shouts!
You scratch the gnoll. The gnoll hits you with a spear!
* * * LOW HITPOINT WARNING * * *
You take 7 damage, and have 5/37 hp.
Eat a chunk of flesh {@w0}? (ye/n/q)
You start eating the chunk of flesh {@w0}.
The gnoll hits you with a spear.
You die...

#.##.# #....###.# #(.#
##.##.# #.###.##.# #..#
#..##.# ##.#.#####..#
#.###.# ##.........## #.#
#.# #.###.##...# #.# #.#
#.#####.###....... #.# #.#
#............#<..#
#.###.##########g###.##....
#.........@g..g......##...#
###########................
#################


You could see 3 gnolls.

Vanquished Creatures
  Terence (D:2)
  A gnoll (D:2)
  An ooze (D:2)
  A ball python (D:2)
  5 bats
  2 giant cockroaches (D:1)
  3 goblins
  3 hobgoblins (D:1)
  A frilled lizard (D:2)
  3 kobolds (D:1)
  2 rats (D:1)
23 creatures vanquished.

Notes
Turn   | Place    | Note
-------+----------+-------------------------------------------
     0 | D:1      | esc the Ghoul Wanderer began the quest for the Orb.
     0 | D:1      | esc set off with: a book of Frost, the Grimoire of Unholy Magic, a wand of random effects (15/48), a +0 robe, a +0 club, a meat ration {@e2}
     0 | D:1      | Reached XP level 1. HP: 16/16 MP: 1/1
   151 | D:1      | Reached skill level 2 in Armour
   194 | D:1      | HP: 1/16 [hobgoblin/club (6)]
   208 | D:1      | Reached skill level 1 in Unarmed Combat
   208 | D:1      | Reached XP level 2. HP: 12/23 MP: 2/2
   798 | D:2      | Reached skill level 2 in Fighting
   861 | D:2      | Reached XP level 3. HP: 23/29 MP: 3/3
   897 | D:2      | Noticed Terence
   911 | D:2      | HP: 2/29 [Terence/trident (8)]
   922 | D:2      | HP: 7/29 [Terence/trident (6)]
   931 | D:2      | Killed Terence
  1048 | D:2      | Reached skill level 1 in Dodging
  1048 | D:2      | Reached XP level 4. HP: 31/37 MP: 4/4
  1056 | D:2      | HP: 5/37 [gnoll/spear (7)]
  1057 | D:2      | Slain by a gnoll

Vault maps used:
D:1:      dpeg_arrival_line_fractal
D:2:      led_sif_pool, uniq_terence, uniq_iyjb

Skill      XL: |  1  2  3 |
---------------+----------+-----
Armour         | 2 |  2.4
Unarmed Combat | 1 |  1.9
Fighting       | 2 |  2.4
Dodging        | 1 |  1.0
Spellcasting   | |  1.0
Summonings     | |  1.0
Ice Magic      | |  3.2
Evocations     | |  1.7

Action                   |  1- 3 |  4- 6 || total
-------------------------+-------+-------++-------
Melee: Unarmed           |   142 |     7 ||   149
Throw: Javelin           |     2 |       ||     2
  Use: Potion            |     3 |       ||     3
  Eat: Chunk             |     5 |       ||     5
Armor: Robe              |    48 |       ||    48
Dodge: Dodged            |   104 |     4 ||   108

Vault maps used:
D:1:      dpeg_arrival_line_fractal
D:2:      led_sif_pool, uniq_terence, uniq_iyjb

Table legend:
 A = Turns spent in this place as a percentage of turns spent in the entire game.
 B = Non-inter-level travel turns spent in this place as a percentage of non-inter-level travel turns spent in the entire game.
 C = Inter-level travel turns spent in this place as a percentage of turns spent in this place.
 D = Turns resting spent in this place as a percentage of non-inter-level travel turns spent in this place.
 E = Turns spent auto-exploring this place as a percentage of non-inter-level travel turns spent in this place.
 F = Non-inter-level travel turns spent in this place divided by the number of levels of this place that you've seen.
                   A       B       C       D       E      F
               +-------+-------+-------+-------+-------+----------------------
         Total | 100.0 | 100.0 |   0.2 |   0.4 |   6.9 | 269.5
       Dungeon | 100.0 | 100.0 |   0.2 |   0.4 |   6.9 | 269.5
               +-------+-------+-------+-------+-------+----------------------

Table legend:
 A = Kills in this place as a percentage of kills in entire the game.
 B = Kills by you in this place as a percentage of kills by you in the entire game.
 C = Kills by friends in this place as a percentage of kills by friends in the entire game.
 D = Other kills in this place as a percentage of other kills in the entire game.
 E = Experience gained in this place as a percentage of experience gained in the entire game.
 F = Experience gained in this place divided by the number of levels of this place that you have seen.
                   A       B       C       D       E      F
               +-------+-------+-------+-------+-------+----------------------
         Total | 100.0 | 100.0 |  -nan |  -nan | 100.0 |  44.5
       Dungeon | 100.0 | 100.0 |  -nan |  -nan | 100.0 |  44.5
               +-------+-------+-------+-------+-------+----------------------
